 Dungeon Crawl Stone Soup version 0.30-a0-591-g3c58d2bc28 (webtiles) character file.

Game seed: 11075883391125665914

268012 Decipherer the Warrior (level 19, -5/216 (241) HPs)
             Began as a Minotaur Berserker on Jan 5, 2023.
             Was a High Priest of Trog.
             Slain by a tentacled starspawn (7 damage)
             ... on level 2 of the Abyss.
             The game lasted 01:48:13 (36568 turns).

Decipherer the Warrior (Minotaur Berserker)        Turns: 36568, Time: 01:48:14

HP:   -5/216 (241)  AC: 33    Str: 31    XL:     19   Next: 75%
MP:   16/16         EV:  2    Int: -2 (0) God:    Trog [*****.]
Gold: 169           SH: 23    Dex: 22    Spells: 18/18 levels left

rFire   . . .      SeeInvis .    b - +8 broad axe of Famine {venom, rElec Dex+4}
rCold   . . .      Faith    .    r - +4 kite shield {rPois}
rNeg    . . .      Spirit   .    (body armour currently unavailable)
rPois   +          Reflect  +    (helmet currently unavailable)
rElec   +          Harm     .    (cloak currently unavailable)
rCorr   .          Rampage  .    (gloves currently unavailable)
Will    ++++.      NoTele   +    (boots currently unavailable)
Stlth   ++++                     E - amulet "Hekeugh" {Reflect Dex+5 SH+5}
HPRegen 1.00/turn                Z - ring "Hamiguucy" {Will+ Str+6}
MPRegen 0.15/turn                j - +4 ring of protection

@: tree-form, flayed, strong-willed, on berserk cooldown, sick, regenerating,
slowed, lost intelligence, heavily drained, unable to read, unable to drink,
very slow
A: stationary, stasis, torment immunity, boosted hp, (horns 2), (retaliatory
headbutt), (cold resistance 1), regeneration 1, robust 1, [deterioration 2],
[dopey 2], [frail 2], [low MP 1], [weak 1], [no potion heal 2], [inability to
drink after injury 1], [inability to read after injury 2]
}: 1/15 runes: serpentine
a: Renounce Religion, Berserk, Trog's Hand, Brothers in Arms


You were on level 2 of the Abyss.
You worshipped Trog.
Trog was extremely pleased with you.
You were a tree.
You visited 9 branches of the dungeon, and saw 33 of its levels.
You visited the Abyss 2 times.
You also visited: Bailey and Gauntlet.

You collected 3194 gold pieces.
You spent 3025 gold pieces at shops.

Inventory:

Hand Weapons
 b - the +8 broad axe of Famine (weapon) {venom, rElec Dex+4}
   (You bought it in a shop on level 1 of the Orcish Mines)

   Dex:       It affects your dexterity (+4).
   rElec:     It insulates you from electricity.
Missiles
 t - 10 boomerangs (quivered)
 x - 10 javelins
 F - 2 throwing nets
 G - 2 silver boomerangs
 L - 31 poisoned darts
 M - 3 boomerangs of dispersal
 W - 7 silver javelins
 X - 5 curare-tipped darts
Armour
 g - the +1 pair of gloves of the Special Nightcaps (melded) {+Inv Str-2 Slay+6 SInv}
   (You bought it in a shop on level 1 of the Orcish Mines)

   Str:       It affects your strength (-2).
   Slay:      It affects your accuracy & damage with ranged weapons and melee
   (+6).
   SInv:      It lets you see invisible.
   +Inv:      It lets you turn invisible.
 m - a +1 pair of boots (melded)
 p - a +4 crystal plate armour of ponderousness
 r - a +4 kite shield of poison resistance (worn)
 u - a +2 cloak (melded)
 T - the +0 plate armour of Lunniun (melded) {+Blink rC- Dex+4}
   (You bought it in a shop on level 3 of the Snake Pit)

   Dex:       It affects your dexterity (+4).
   rC:        It makes you vulnerable to cold.
   +Blink:    It lets you blink.
Jewellery
 a - a +6 ring of strength
 h - a ring of protection from cold
 j - a +4 ring of protection (right branch)
 E - the amulet "Hekeugh" (around neck) {Reflect Dex+5 SH+5}
   (You found it on level 11 of the Dungeon)

   [amulet of reflection]

   It reflects blocked missile attacks.
   Dex:       It affects your dexterity (+5).
   SH:        It affects your SH (+5).
 N - a ring of positive energy
 Q - a ring of resist corrosion
 Z - the ring "Hamiguucy" (left branch) {Will+ Str+6}
   (You found it on level 5 of the Lair of Beasts)

   [ring of strength]

   Str:       It affects your strength (+6).
   Will:      It increases your willpower.
Wands
 q - a wand of flame (68)
 y - a wand of paralysis (21)
 D - a wand of roots (40)
 J - a wand of polymorph (8)
 S - a wand of acid (3)
Scrolls
 c - 4 scrolls of vulnerability
 f - 2 scrolls of fear
 i - 5 scrolls of immolation
 l - 6 scrolls of teleportation
 n - 5 scrolls of poison
 C - 3 scrolls of fog
 I - 6 scrolls of magic mapping
 K - 2 scrolls of summoning
 U - 2 scrolls of torment
Potions
 d - 3 potions of lignification
 e - 7 potions of curing
 k - a potion of heal wounds
 s - a potion of flight
 v - 4 potions of might
 z - 2 potions of cancellation
 H - a potion of resistance
 V - 4 potions of haste
 Y - 2 potions of invisibility
Miscellaneous
 O - a condenser vane
 P - a lightning rod (4/4)
 R - a phial of floods


   Skills:
 + Level 17.8 Fighting
 + Level 13.3(15.2) Axes
 + Level 12.0(17.6) Maces & Flails
 + Level 16.3(17.8) Staves
 + Level 15.3 Throwing
 + Level 16.0 Armour
 + Level 9.9 Dodging
 + Level 7.0 Stealth
 + Level 14.0 Shields
 + Level 1.9 Evocations


You had 18 spell levels left.
You didn't know any spells.
Your spell library contained the following spells:

 Spells                   Type           Power      Damage    Failure   Level
 Kiss of Death            Conj/Necr      0%         2d5       80%         1
 Sandblast                Erth           0%         2d4       80%         1
 Cigotuvi's Dreadful Rot  Necr/Pois/Air  0%         N/A       91%         2
 Passwall                 Tmut/Erth      0%         N/A       91%         2
 Poisonous Vapours        Pois/Air       0%         N/A       91%         2
 Scorch                   Fire           0%         2d5       91%         2
 Inner Flame              Hex/Fire       0%         N/A       99%         3
 Mephitic Cloud           Conj/Pois/Air  0%         N/A       99%         3
 Stone Arrow              Conj/Erth      0%         3d7       99%         3
 Summon Guardian Golem    Hex/Summ       0%         N/A       99%         3
 Vampiric Draining        Necr           0%         2d6       99%         3
 Airstrike                Air            0%         2d(0-16)  100%        4
 Animate Armour           Summ/Erth      0%         N/A       100%        4
 Animate Dead             Necr           0%         N/A       100%        4
 Flame Wave               Conj/Fire      0%         2d4       100%        4
 Leda's Liquefaction      Hex/Erth       0%         N/A       100%        4
 Sticky Flame             Conj/Fire      0%         2d3       100%        4
 Summon Lightning Spire   Summ/Air       0%         N/A       100%        4
 Borgnjor's Vile Clutch   Necr/Erth      0%         N/A       100%        5
 Lee's Rapid Deconstruct  Erth           0%         3d4*      100%        5
 Lightning Bolt           Conj/Air       0%         1d11      100%        5
 Summon Forest            Summ/Tloc      0%         N/A       100%        5
 Summon Mana Viper        Hex/Summ       0%         N/A       100%        5
 Death Channel            Necr           0%         N/A       100%        6
 Statue Form              Tmut/Erth      0%         N/A       100%        6
 Summon Cactus Giant      Summ           0%         N/A       100%        6
 Malign Gateway           Summ/Tloc      0%         N/A       100%        7
 Orb of Destruction       Conj           0%         9d5       100%        7
 Spellforged Servitor     Conj/Summ      0%         N/A       100%        7
 Lehudib's Crystal Spear  Conj/Erth      0%         10d2      100%        8
 Necromutation            Tmut/Necr      0%         N/A       100%        8
 Summon Horrible Things   Summ           0%         N/A       100%        8
 Chain Lightning          Conj/Air       0%         N/A       100%        9
 Fire Storm               Conj/Fire      0%         5d1       100%        9
 Shatter                  Erth           0%         3d5*      100%        9


Dungeon Overview and Level Annotations

Branches:
Dungeon (15/15)            Temple (1/1) D:5            Lair (5/5) D:11
 Shoals (2/4) Lair:2        Snake (4/4) Lair:2        Slime (1/5) Lair:4
    Orc (2/2) D:12            Elf (2/3) Orc:2        Vaults (0/5) D:13
 Depths (1/4) D:15         Bailey (visited)         Gauntlet (visited)

Altars:
Ashenzari
Cheibriados
Dithmenos
Elyvilon
Fedhas
Gozag
Hepliaklqana
Kikubaaqudgha
Makhleb
Nemelex Xobeh
Okawaru
Qazlal
Ru
Sif Muna
Trog
Uskayaw
Vehumet
Wu Jian
Xom
Yredelemnul
Zin
The Shining One

Shops:
D:7 *   Orc:1 ?[(([   Orc:2 :*[(   Snake:2 *[   Snake:3 *

Annotations:
Shoals:2 Louise
Elf:2 3 runed translucent doors
Depths:1 exclusion: obsidian statue


Innate Abilities, Weirdness & Mutations

You are a tree.
Your roots penetrate the ground, keeping you stationary.
You cannot be teleported.
You are immune to unholy pain and torment.
Your maximum health is greatly increased.
Your equipment is partially melded.
((You have a pair of horns on your head.))
((You reflexively headbutt those who attack you in melee.))
((Your flesh is cold resistant. (rC+)))
Your natural rate of healing is unusually fast.
You are robust. (+10% HP)
[Your body often deteriorates upon taking damage.]
[You are very dopey. (Int -4)]
[You are very frail. (-20% HP)]
[Your magical capacity is low. (-10% MP)]
[You are weak. (Str -2)]
[Potions cannot restore your health.]
[You occasionally lose the ability to drink potions when taking damage.]
[You sometimes lose the ability to read scrolls when taking damage.]


Message History

You feel ill.
The tentacled starspawn closely misses you.
You furiously retaliate!
You headbutt the tentacled starspawn!!
You block the tentacled starspawn's attack.
You block the starspawn tentacle's attack.
A starspawn tentacle segment comes into view.
You slice the tentacled starspawn!!
The tentacled starspawn is heavily damaged.
You slice the starspawn tentacle segment!!
You destroy the starspawn tentacle segment!
You hit the ancient zyme.
The wretched star glows turbulently.
The lance of force reflects off an invisible shield around you!
The lance of force misses the wretched star.
You block the tentacled starspawn's attack.
The tentacled starspawn tentacle-slaps you but does no damage.
The ancient zyme hits you!
You feel threatened and lose the ability to read scrolls!
* * * LOW HITPOINT WARNING * * *
The ancient zyme hits you!
* * * LOW HITPOINT WARNING * * *
A tentacle flies out from the starspawn's body!
A starspawn tentacle comes into view.
You cannot drink potions in your current state!
You cannot read scrolls in your current state!
Okay, then.
Aiming: Polymorph
Press: ? - help, Shift-Dir - straight line, f - you That beam is likely to hit you.
Continue anyway?
You turn into a tree.
Your +2 cloak melds into your body.
The +1 pair of gloves of the Special Nightcaps {+Inv Str-2 Slay+6 SInv} melds into your body.
Your +1 pair of boots melds into your body.
The +0 plate armour of Lunniun {+Blink rC- Dex+4} melds into your body.
Your roots penetrate the ground.
The harpy skeleton claws you but does no damage.
The harpy skeleton claws you!
* * * LOW HITPOINT WARNING * * *
The harpy skeleton claws you but does no damage. x2
You block the ancient zyme's attack. x2; The tentacled starspawn bites you!
You die...

.# #. #. ..#### ##
w... .. ~..#.#│.
..# ~~..#X## ..## .
..≈#\#♣w##.#.# #~
##...*x#.. #.
#..#.~..#Z..##.#
#≈~~~.##W##§§.....#
.#..~....#...##....
....~..Z#...# # #
#..~.#..# .......#
## #.~##.#.##...##
#. . . .
#.##*#....#.. .# #


You could see a tentacled starspawn, a wretched star, a flayed ghost, an ancient
zyme, 2 starspawn tentacles and a harpy skeleton.

Vanquished Creatures
  Mlioglotl (Snake:3)
  A lich (Abyss:2)
  Gastronok (D:8)
  A tentacled starspawn (Abyss:2)
  A tengu reaver (Depths:1)
  Ilsuiw (Shoals:2)
  2 nagarajas (Snake:4)
  Donald (Snake:1)
  A frost giant (Depths:1)
  The ghost of Siov the Stormcaller, a journeyman BaAE of Ashenzari (Snake:4)
  Aizul (Snake:1)
  A fire giant (Depths:1)
  A deep elf sorcerer (Elf:1)
  The ghost of Opifex the Protected, a journeyman GrFi of Jiyva (Shoals:1)
  A stone giant (Depths:1)
  A deep elf annihilator (Elf:1)
  A lorocyproca (Abyss:2)
  A deep elf death mage (Elf:1)
  A minotaur (Gauntlet)
  2 merfolk javelineers
  A merfolk impaler (Shoals:2)
  2 ettins
  A fire dragon (Lair:5)
  A great orb of eyes (Abyss:2)
  Josephine (Snake:1)
  4 vault guards
  Erolcha (Orc:2)
  A spriggan air mage (Depths:1)
  6 hydras
  A rakshasa (Abyss:2)
  A catoblepas (Gauntlet)
  2 salamander tyrants
  An alligator snapping turtle (Shoals:1)
  5 centaur warriors
  2 boulder beetles (D:14)
  12 anacondas
  7 tengu warriors
  2 merfolk aquamancers (Shoals:2)
  17 naga warriors
  9 death yaks (Lair:5)
  7 two-headed ogres
  7 dancing weapons
  16 naga sharpshooters
  6 orc high priests (Orc:2)
  9 shock serpents
  A wretched star (Gauntlet)
  A soul eater (Depths:1)
  6 deep elf knights
  3 salamander mystics
  The ghost of Azuvok the Severer, a novice MiFi of Okawaru (D:7)
  3 skeletal warriors (D:14)
  2 deep trolls (D:15)
  6 sea snakes
  9 naga ritualists
  A glowing orange brain (Depths:1)
  10 deep elf pyromancers
  Pikel (D:8)
  7 deep elf archers
  4 harpies (Shoals:1)
  A phantasmal warrior (Abyss:2)
  2 wizards
  9 deep elf zephyrmancers
  9 mana vipers
  4 necromancers
  An oklob plant (Snake:4)
  17 ugly things
  7 cyclopes
  A lindwurm (Lair:5)
  10 manticores
  2 orc sorcerers (Orc:2)
  21 salamanders
  10 elephants (Lair:5)
  7 guardian serpents
  20 naga magi
  2 molten gargoyles (Lair:5)
  34 black mambas
  4 merfolk sirens
  An orange demon (Abyss:2)
  Joseph (D:8)
  7 cane toads
  3 gargoyles
  4 water nymphs
  An unseen horror (shapeshifter) (D:12)
  Psyche (D:8)
  A kobold demonologist (D:12)
  An efreet (D:14)
  A tormentor (Abyss:2)
  20 komodo dragons
  4 tengu conjurers
  10 merfolk
  A queen bee (shapeshifter) (D:14)
  A polar bear (Lair:5)
  4 wind drakes
  3 starcursed masses (Abyss:2)
  3 meliai (D:13)
  A polar bear (shapeshifter) (D:15)
  A hornet (D:7)
  9 trolls
  Grinder (D:3)
  8 raiju (Abyss:2)
  A raiju (shapeshifter) (D:14)
  11 slime creatures
  19 blink frogs
  11 dream sheep
  2 snapping turtles (Shoals:2)
  6 flying skulls (Gauntlet)
  3 shadows
  3 small abominations
  A spriggan (shapeshifter) (D:13)
  9 wyverns
  2 ynoxinuls (Abyss:2)
  7 wraiths
  2 vampires (D:9)
  11 water elementals
  2 fire elementals (Elf:1)
  63 yaks
  3 basilisks
  22 humans
  Grum (D:11)
  A neqoxec (Gauntlet)
  6 wargs (Orc:2)
  9 vampire mosquitoes
  A golden eye (shapeshifter) (D:14)
  4 large abominations (Abyss:2)
  A steam dragon (Lair:5)
  An acid dragon (D:8)
  51 nagas
  A water moccasin (shapeshifter) (Elf:1)
  5 hell hounds
  11 water moccasins
  12 orc warriors
  An ice beast (D:5)
  A sky beast (D:7)
  3 black bears
  5 ogres
  11 wolves
  11 centaurs
  2 lemures (D:8)
  3 elf zombies (Elf:1)
  3 kobold brigands
  An earth elemental (Elf:1)
  2 gnoll sergeants
  18 bullfrogs
  3 necrophages
  2 scorpions
  5 wights
  5 lava snakes (Lair:5)
  3 jellies
  A quasit (Abyss:2)
  30 orc priests
  A gnoll bouda (D:6)
  4 hounds
  A hell rat (Lair:4)
  2 iguanas (D:6)
  15 orc wizards
  7 adders
  22 gnolls
  A shadow imp (D:5)
  A white imp (D:7)
  2 worms (D:3)
  4 dart slugs
  83 orcs
  3 endoplasms
  2 giant cockroaches (D:3)
  8 goblins
  6 hobgoblins
  4 jackals (D:3)
  2 quokkas
  7 ball pythons
  4 bats
  3 frilled lizards
  16 kobolds
  5 rats (D:1)
  4 starspawn tentacles
1046 creatures vanquished.

Vanquished Creatures (collateral kills)
  A tentacled starspawn (Abyss:2)
  A merfolk impaler (Shoals:2)
  An ice dragon (Depths:1)
  A vault guard (Bailey)
  A boulder beetle (D:12)
  The ghost of rossyrg the Basher, a novice MiFi of Okawaru (D:9)
  An orc high priest (Orc:2)
  A naga warrior (Snake:4)
  An iron troll (Depths:1)
  2 deep elf pyromancers (Elf:1)
  2 merfolk sirens (Shoals:2)
  A naga mage (Snake:3)
  3 black mambas
  A water nymph (Shoals:2)
  2 komodo dragons (Lair:5)
  4 merfolk (Shoals:2)
  Prince Ribbit (Bailey)
  6 basilisks
  A steam dragon (D:8)
  2 wargs (D:12)
  A naga (Snake:4)
  2 orc warriors (D:12)
  A wight (D:8)
  5 orc priests
  10 orcs
  2 goblins (D:12)
  A hobgoblin (D:12)
  A fungus (Lair:3)
57 creatures vanquished.

Vanquished Creatures (others)
  2 wizards
  A demonic plant (Gauntlet)
  23 fungi
  38 plants
  11 starspawn tentacles (Abyss:2)
75 creatures vanquished.

Grand Total: 1178 creatures vanquished

Notes
Turn   | Place    | Note
-------+----------+-------------------------------------------
     0 | D:1      | Decipherer the Minotaur Berserker began the quest for the
                  | Orb.
     0 | D:1      | Reached XP level 1. HP: 19/19 MP: 0/0
    92 | D:1      | Reached XP level 2. HP: 25/27 MP: 1/1
   342 | D:1      | Reached skill level 4 in Fighting
  1065 | D:3      | Reached XP level 3. HP: 33/33 MP: 2/2
  1091 | D:3      | Reached XP level 4. HP: 28/40 MP: 3/3
  1185 | D:3      | Noticed Grinder
  1193 | D:3      | Killed Grinder
  1194 | D:3      | Reached skill level 5 in Fighting
  1194 | D:3      | Reached skill level 5 in Maces & Flails
  1194 | D:3      | Reached skill level 1 in Stealth
  1194 | D:3      | Reached XP level 5. HP: 45/48 MP: 4/4
  1197 | D:3      | Reached XP level 6. HP: 54/56 MP: 5/5
  1342 | D:3      | Reached ** piety under Trog
  2459 | D:4      | Found a shimmering blue altar of Sif Muna.
  2526 | D:5      | Entered Level 5 of the Dungeon
  2531 | D:5      | Reached XP level 7. HP: 55/61 MP: 6/6
  2592 | D:5      | Reached skill level 5 in Dodging
  2809 | D:5      | Reached skill level 6 in Fighting
  2900 | D:5      | Reached *** piety under Trog
  2901 | D:5      | Reached XP level 8. HP: 70/70 MP: 7/7
  3080 | D:5      | Found a staircase to the Ecumenical Temple.
  3196 | D:5      | Found a snail-covered altar of Cheibriados.
  3198 | D:5      | Identified the +0 robe "Wepeweu" {+Inv Int+3}
  3509 | Temple   | Entered the Ecumenical Temple
  3896 | D:6      | Found an ornate altar of the Wu Jian Council.
  3925 | D:6      | Reached skill level 1 in Throwing
  4593 | D:7      | Found Cuif's Assorted Antiques.
  4604 | D:7      | Bought a scroll labelled YGAUMU GOCHOR for 29 gold pieces
  4621 | D:7      | Identified the +8 quarterstaff "Cuirit" {spect, Dex+7}
  4666 | D:7      | Found a runed translucent gate.
  4667 | D:7      | Found a runed translucent gate.
  4668 | D:7      | Found a runed translucent gate.
  4669 | D:7      | Noticed Azuvok's ghost (novice MiFi)
  4670 | D:7      | Noticed a manticore
  4894 | D:7      | Noticed a hornet
  4900 | D:7      | Paralysed by a hornet for 1 turns
  4901 | D:7      | Killed a hornet
  4902 | D:7      | Reached skill level 7 in Fighting
  4902 | D:7      | Reached skill level 10 in Maces & Flails
  4902 | D:7      | Reached XP level 9. HP: 79/79 MP: 8/8
  5090 | D:7      | Found a flagged portal.
  5109 | Bailey   | Entered a bailey
  5173 | Bailey   | Reached skill level 1 in Shields
  5176 | Bailey   | Reached skill level 5 in Throwing
  5188 | Bailey   | Reached **** piety under Trog
  5284 | Bailey   | Noticed a vault guard
  5284 | Bailey   | Noticed Prince Ribbit
  5542 | Bailey   | Killed a vault guard
  5543 | Bailey   | Reached skill level 8 in Fighting
  5543 | Bailey   | Reached XP level 10. HP: 88/88 MP: 9/9
  5553 | Bailey   | Killed Prince Ribbit
  5604 | Bailey   | Noticed a vault guard
  5632 | Bailey   | Killed a vault guard
  6177 | D:7      | Reached skill level 9 in Fighting
  6177 | D:7      | Reached skill level 5 in Staves
  6177 | D:7      | Reached skill level 5 in Shields
  6177 | D:7      | Reached XP level 11. HP: 97/97 MP: 10/10
  6185 | D:7      | Killed Azuvok's ghost
  6648 | D:8      | Noticed Pikel
  6659 | D:8      | Killed Pikel
  6875 | D:8      | Noticed Gastronok
  6897 | D:8      | Killed Gastronok
  7052 | D:8      | Noticed Joseph
  7075 | D:8      | Killed Joseph
  7292 | D:8      | Noticed Psyche
  7323 | D:8      | Reached XP level 12. HP: 67/106 MP: 11/11
  7330 | D:8      | Killed Psyche
  8124 | D:9      | Noticed a two-headed ogre
  8127 | D:9      | Reached skill level 10 in Fighting
  8133 | D:9      | Killed a two-headed ogre
  8288 | D:9      | Found an ancient bone altar of Kikubaaqudgha.
  8437 | D:9      | Found a large runed translucent door.
  8437 | D:9      | Found a large runed translucent door.
  8439 | D:9      | Noticed rossyrg's ghost (novice MiFi)
  8859 | D:9      | Killed rossyrg's ghost
  8906 | D:10     | Entered Level 10 of the Dungeon
  8971 | D:10     | Found a sparkling altar of Nemelex Xobeh.
  8974 | D:10     | Found a blossoming altar of Fedhas.
  9098 | D:10     | Found a shimmering altar of Xom.
  9120 | D:10     | Found a glowing silver altar of Zin.
  9210 | D:10     | Reached skill level 10 in Throwing
  9343 | D:10     | Found a shadowy altar of Dithmenos.
  9347 | D:10     | Found a hazy altar of Hepliaklqana.
  9683 | D:11     | Identified the amulet "Hekeugh" {Reflect Dex+5 SH+5}
  9759 | D:11     | Noticed a two-headed ogre
  9763 | D:11     | Killed a two-headed ogre
  9806 | D:11     | Noticed a two-headed ogre
  9814 | D:11     | Killed a two-headed ogre
 10119 | D:11     | Noticed a two-headed ogre
 10127 | D:11     | Killed a two-headed ogre
 10175 | D:11     | Noticed Grum
 10179 | D:11     | Killed Grum
 10276 | D:11     | Found a staircase to the Lair.
 10402 | D:12     | Noticed a two-headed ogre
 10408 | D:12     | Killed a two-headed ogre
 10594 | D:12     | Noticed a boulder beetle
 10596 | D:12     | Killed a boulder beetle
 10634 | D:12     | Found a staircase to the Orcish Mines.
 10751 | D:12     | Noticed a two-headed ogre
 10755 | D:12     | Killed a two-headed ogre
 10762 | D:12     | Reached XP level 13. HP: 114/114 MP: 12/12
 12093 | D:13     | Reached skill level 10 in Staves
 12095 | D:13     | Found a gate to the Vaults.
 12108 | D:13     | Reached skill level 5 in Armour
 12109 | D:13     | Reached ***** piety under Trog
 12111 | D:13     | Reached skill level 11 in Fighting
 12539 | D:14     | Reached skill level 5 in Stealth
 12600 | D:14     | Received a gift from Trog
 12819 | D:14     | Reached XP level 14. HP: 113/124 MP: 13/13
 13825 | D:14     | Found a glowing golden altar of the Shining One.
 13891 | D:15     | Entered Level 15 of the Dungeon
 14178 | D:15     | Reached skill level 15 in Throwing
 14230 | D:15     | Reached skill level 1 in Evocations
 14823 | D:15     | Found a staircase to the Depths.
 14937 | D:15     | Found a sparkling altar of Nemelex Xobeh.
 15247 | Orc:1    | Entered Level 1 of the Orcish Mines
 15267 | Orc:1    | Found Hyozxus's Antique Armour Boutique.
 15272 | Orc:1    | Bought a pair of twisted gloves for 332 gold pieces
 15272 | Orc:1    | Identified the +1 pair of gloves of the Special Nightcaps
                  | {+Inv Str-2 Slay+6 SInv} (You bought it in a shop on level
                  | 1 of the Orcish Mines)
 15321 | Orc:1    | Found Jughog's Magic Scroll Shoppe.
 15329 | Orc:1    | Bought a scroll of fog for 56 gold pieces
 15329 | Orc:1    | Bought a scroll of blinking for 105 gold pieces
 15329 | Orc:1    | Bought a scroll of blinking for 105 gold pieces
 15473 | Orc:2    | Entered Level 2 of the Orcish Mines
 15473 | Orc:2    | Found a staircase to the Elven Halls.
 15487 | Orc:2    | Reached skill level 12 in Fighting
 15503 | Orc:2    | Noticed Erolcha
 15636 | Abyss:2  | Cast into level 2 of the Abyss (Erolcha)
 15713 | Abyss:2  | Found a corrupted altar of Lugonu.
 15794 | Abyss:2  | Noticed a lich
 15801 | Abyss:2  | Killed a lich
 15942 | Abyss:2  | Reached XP level 15. HP: 129/134 MP: 1/14
 15959 | Orc:2    | Escaped the Abyss
 15963 | Orc:2    | Killed Erolcha
 16086 | Orc:2    | Found Ocumy's Antique Armour Emporium.
 16093 | Orc:2    | Found Xurchu's Weapon Shop.
 16423 | Orc:2    | Found Iklacaiw's Book Emporium.
 16423 | Orc:2    | Found Gioxku's Assorted Antiques.
 16531 | Orc:2    | Bought a potion of heal wounds for 145 gold pieces
 16531 | Orc:2    | Bought a potion of curing for 87 gold pieces
 16531 | Orc:2    | Bought a scroll of teleportation for 87 gold pieces
 16818 | Orc:1    | Received a gift from Trog
 16898 | Orc:1    | Found Biutu's Antique Armour Boutique.
 16902 | Orc:1    | Found Naegeab's Weapon Boutique.
 16962 | Orc:1    | Found Ucikudio's Antique Weapon Shoppe.
 17278 | Lair:1   | Entered Level 1 of the Lair of Beasts
 17458 | Lair:1   | Found a gate leading to a gauntlet.
 17467 | Gauntlet | Entered a Gauntlet
 17467 | Gauntlet | Found a transporter.
 17467 | Gauntlet | Found a transporter.
 17475 | Gauntlet | Found a transporter.
 17479 | Gauntlet | Found a transporter.
 17487 | Gauntlet | Found a transporter.
 17491 | Gauntlet | Found a transporter.
 17499 | Gauntlet | Found a transporter.
 17516 | Gauntlet | Found a transporter.
 17531 | Gauntlet | Found a transporter.
 17535 | Gauntlet | Found a transporter.
 17543 | Gauntlet | Found a transporter.
 17547 | Gauntlet | Found a transporter.
 18005 | Gauntlet | Gained mutation: [You occasionally lose the ability to
                  | drink potions when taking damage.] [potion of mutation]
 18005 | Gauntlet | Gained mutation: [You are weak. (Str -2)] [potion of
                  | mutation]
 18005 | Gauntlet | Gained mutation: [Your magical capacity is low. (-10% MP)]
                  | [potion of mutation]
 18005 | Gauntlet | Gained mutation: You are strong-willed. (Will+) [potion of
                  | mutation]
 18006 | Gauntlet | Lost mutation: [Your magical capacity is low. (-10% MP)]
                  | [potion of mutation]
 18006 | Gauntlet | Lost mutation: You are strong-willed. (Will+) [potion of
                  | mutation]
 18006 | Gauntlet | Gained mutation: [Your body sometimes deteriorates upon
                  | taking damage.] [potion of mutation]
 18006 | Gauntlet | Gained mutation: Your skin changes colour to match your
                  | surroundings (Stealth+). [potion of mutation]
 18034 | Gauntlet | Identified the +5 halberd of the Endless Expanse {elec,
                  | rPois rN+}
 18763 | Lair:2   | Found a staircase to the Snake Pit.
 18773 | Lair:2   | Reached skill level 13 in Fighting
 19742 | Lair:2   | Found a staircase to the Shoals.
 20522 | Lair:4   | Received a gift from Trog
 20559 | Lair:4   | Found a staircase to the Slime Pits.
 20652 | Lair:4   | Reached skill level 10 in Armour
 21148 | Lair:4   | Reached skill level 14 in Fighting
 21376 | Slime:1  | Entered Level 1 of the Pits of Slime
 21469 | Lair:5   | Entered Level 5 of the Lair of Beasts
 21568 | Lair:5   | Reached skill level 15 in Staves
 22023 | Lair:5   | Reached XP level 16. HP: 147/147 MP: 15/15
 22618 | Lair:5   | Found a large runed translucent door.
 22619 | Lair:5   | Found a large runed translucent door.
 23584 | Lair:5   | Identified the ring "Hamiguucy" {Will+ Str+6}
 23988 | Elf:1    | Entered Level 1 of the Elven Halls
 24115 | Elf:1    | Reached skill level 15 in Fighting
 25374 | Elf:1    | Got the Lessons on the Grave
 25850 | Elf:2    | Received a gift from Trog
 25984 | Elf:2    | Found a runed translucent gate.
 25984 | Elf:2    | Found a runed translucent gate.
 25984 | Elf:2    | Found a runed translucent gate.
 26043 | Elf:2    | HP: 4/151 [deep elf archer/+0 short sword (11)]
 26617 | Shoals:1 | Entered Level 1 of the Shoals
 26765 | Shoals:1 | Lost mutation: [You are weak. (Str -2)] [potion of
                  | mutation]
 26765 | Shoals:1 | Lost mutation: Your skin changes colour to match your
                  | surroundings (Stealth+). [potion of mutation]
 26765 | Shoals:1 | Lost mutation: [Your body sometimes deteriorates upon
                  | taking damage.] [potion of mutation]
 26765 | Shoals:1 | Gained mutation: You expend magic power (3 MP) to
                  | strengthen your wands. [potion of mutation]
 26823 | Shoals:1 | Reached skill level 16 in Fighting
 27243 | Shoals:1 | Found a runed translucent door.
 27244 | Shoals:1 | Found a shimmering altar of Xom.
 27244 | Shoals:1 | Noticed Opifex's ghost (journeyman GrFi)
 27289 | Shoals:1 | Reached XP level 17. HP: 122/158 MP: 16/16
 27845 | Shoals:1 | Killed Opifex's ghost
 28133 | Orc:1    | Bought a brightly glowing broad axe for 306 gold pieces
 28133 | Orc:1    | Identified the +8 broad axe of Famine {venom, rElec Dex+4}
                  | (You bought it in a shop on level 1 of the Orcish Mines)
 28839 | Depths:1 | Entered Level 1 of the Depths
 28951 | Depths:1 | Reached skill level 1 in Axes
 29436 | Snake:1  | Entered Level 1 of the Snake Pit
 29436 | Snake:1  | Noticed Aizul
 29449 | Snake:1  | Killed Aizul
 30131 | Snake:1  | Noticed Josephine
 30138 | Snake:1  | Killed Josephine
 30139 | Snake:1  | Reached skill level 5 in Axes
 30677 | Snake:1  | Noticed Donald
 30687 | Snake:1  | Killed Donald
 30759 | Snake:2  | Reached skill level 10 in Shields
 31093 | Snake:2  | Found Dohy's Assorted Antiques.
 31101 | Snake:2  | Bought a scroll of fog for 76 gold pieces
 31101 | Snake:2  | Bought a potion of heal wounds for 95 gold pieces
 31101 | Snake:2  | Bought a potion of experience for 950 gold pieces
 31101 | Snake:2  | Reached skill level 15 in Armour
 31101 | Snake:2  | Reached XP level 18. HP: 168/168 MP: 17/17
 31263 | Snake:2  | Found Uthaleru's Specialty Armours.
 31654 | Snake:2  | Found a shimmering altar of Xom.
 32310 | Snake:3  | Received a gift from Trog
 32511 | Snake:3  | Identified the +2 ring mail "Ynyd" {rF+}
 32771 | Snake:3  | Noticed Mlioglotl
 32776 | Snake:3  | Noticed a lich
 32786 | Snake:3  | Killed Mlioglotl
 32887 | Snake:3  | Reached skill level 17 in Fighting
 33134 | Snake:3  | Reached skill level 10 in Axes
 33660 | Snake:3  | Found Pisataul's Practical Paraphernalia.
 33895 | Snake:4  | Entered Level 4 of the Snake Pit
 33914 | Snake:3  | Reached XP level 19. HP: 177/177 MP: 0/18
 34320 | Snake:4  | Found a runed translucent door.
 34323 | Snake:4  | Noticed Siov's ghost (journeyman BaAE)
 34337 | Snake:4  | Killed Siov's ghost
 35469 | Snake:4  | Got a serpentine rune of Zot
 35788 | Snake:4  | Found an ancient bone altar of Kikubaaqudgha.
 35912 | Snake:3  | Bought the +0 plate armour of Lunniun {+Blink rC- Dex+4}
                  | for 652 gold pieces
 35926 | Snake:3  | Lost mutation: You expend magic power (3 MP) to strengthen
                  | your wands. [potion of mutation]
 35926 | Snake:3  | Lost mutation: [You occasionally lose the ability to drink
                  | potions when taking damage.] [potion of mutation]
 35926 | Snake:3  | Gained mutation: You are robust. (+10% HP) [potion of
                  | mutation]
 35926 | Snake:3  | Gained mutation: Your flesh is cold resistant. (rC+)
                  | [potion of mutation]
 35926 | Snake:3  | Gained mutation: Your natural rate of healing is unusually
                  | fast. [potion of mutation]
 36065 | Shoals:2 | Noticed Ilsuiw
 36117 | Shoals:2 | Killed Ilsuiw
 36453 | Shoals:2 | Noticed Louise
 36455 | Abyss:2  | Cast into level 2 of the Abyss (Louise)
 36534 | Abyss:2  | Lost intelligence.
 36547 | Abyss:2  | Found a corrupted altar of Lugonu.
 36567 | Abyss:2  | HP: 5/144 [ancient zyme (7)]
 36568 | Abyss:2  | HP: 2/216 [harpy skeleton (7)]
 36568 | Abyss:2  | Slain by a tentacled starspawn

Illustrated notes

Levels and vault maps discovered:
D:1:      dpeg_arrival_simpleton_a, layout_rooms, serial_bayou_crossing
D:2:      layout_rooms
D:3:      layout_loops_ring, uniq_grinder
D:4:      layout_cave_pools, lemuel_blue_sif_altar, serial_column_ruins,
          column_ruins_grid_4, column_ruins_open_medium,
          column_ruins_columns_dead_end, column_ruins_columns_straight,
          column_ruins_open_small_water, column_ruins_columns_T
D:5:      layout_loops_cross, overflow_temple_1_default,
          minmay_temple_entry_hall
D:6:      layout_gridville, old_standard_altar
D:7:      layout_basic, enter_bailey_5, serial_shops,
          nicolae_shop_advertising_works [nicolae_subvault_shop_adworks],
          gammafunk_ghost_split, nrook_mini_backslash
D:8:      cheibrodos_helix_gallery, layout_basic, hangedman_decor_lopped,
          minmay_puff, uniq_gastronok, uniq_pikel, uniq_psyche, uniq_joseph
D:9:      layout_loops_corners, kiku_gazebo_pond_becter,
          ebering_ghost_disaster_area, uniq_prince_ribbit1
D:10:     layout_roguey, riverfiend_overflow_shadow_ancestor,
          mainiacjoe_overflow_brackets, nicolae_overflow_hidden_temple,
          dreamdust_deal_with_the_devil, minmay_holes
D:11:     layout_loops_cross, david_lair_shrubbed, grunt_ministairs_13,
          uniq_grum
D:12:     layout_irregular_city, erik_orc_3, st_stairs_8,
          kennysheep_small_circle
D:13:     layout_roguey, grunt_vaults_entry_tiered
D:14:     minmay_razor_zed, layout_irregular_city, tso_altar
D:15:     hangedman_depths_entry_civil_slaughter, layout_cave_pools,
          serial_park, serial_park_tiny_2, serial_park_avenue1,
          dreamdust_princess_bridge, nemelex_diamond_rough_becter
Temple:   nicolae_temple_no_exploring_needed
Lair:1:   layout_chaotic_city, gauntlet_entry_generic
Lair:2:   layout_small_grid, minmay_shoals_entry_lonely_mermaid,
          guppyfry_snake_entry_island, lemuel_fruit_fields
Lair:3:   layout_long_grid, kennysheep_basilisk_garden, lemuel_fruit_tree
Lair:4:   layout_misc_corridors, slime_entry_1, beast_lair_carwin_7
Lair:5:   cheibrodos_lair_end_hotspot, layout_cave_pods,
          cheibrodos_lair_lostbears
Shoals:1: layout_shoals, ebering_ghost_xom
Shoals:2: dreamdust_from_the_deep, layout_shoals, nzn_prometheus_bound,
          uniq_ilsuiw, uniq_louise
Snake:1:  layout_grid_maze, uniq_aizul, uniq_josephine, uniq_donald
Snake:2:  layout_chambers, basic_altar, nicolae_barding_shop, minmay_shop_star,
          serial_bayou_shore_b
Snake:3:  layout_misc_corridors, nicolae_alphabet_shops, uniq_mlioglotl
Snake:4:  johnstein_snake_rune_scales, layout_cave_town,
          hellmonk_ghost_happy_afterlife, lemuel_oklob_altar, grunt_megastairs_3
Slime:1:  layout_caves, basic_altar, nicolae_slime_ancient_tower_intersection
Orc:1:    layout_caves, serial_shops, shop, shop, nicolae_shop_trees,
          nicolae_diamond_shop, shop
Orc:2:    st_orc_town, layout_caves, uniq_erolcha
Elf:1:    elf_arrival_001, layout_loops_corners, minmay_elf_necromancy
Elf:2:    elven_hall_of_blades_hangedman_original
          [nicolae_blade_entry_floor_patterns], layout_geoelf_diagonals,
          lemuel_upstairs_altar, uniq_azrael
Depths:1: evilmike_diamond_2, layout_cave_pools, grunt_hell_entry_dis_grunt,
          abyss_entry, nicolae_shop_i_like_big_books, hangedman_devilish_allure,
          serial_bayou_shore_b
Abyss:2:  base: Orc:1, bh_silent_lugonu_exit, base: D:9,
          eino_small_chamber_without_monster, spicy_abyss_rude_harpoons,
          spicy_abyss_rude_harpoons

Skill      XL: |  1  2  3  4  5  6  7  8  9 10 11 12 13 14 15 16 17 18 19 |
---------------+----------------------------------------------------------+-----
Maces & Flails | 4 5 6 8 10 11 12 | 12.0
Fighting       | 4 5 6 7 8 9 10 11 12 14 16 17 | 17.8
Dodging        | 3 4 5 6 7 9 |  9.9
Stealth        | 1 2 4 5 6 7 |  7.0
Throwing       | 3 5 6 8 11 14 15 | 15.3
Shields        | 2 5 6 7 9 10 12 14 | 14.0
Staves         | 5 6 9 11 13 15 16 | 16.3
Armour         | 4 5 8 11 14 15 16 | 16.0
Evocations     | 1 |  1.9
Axes           | 6 10 13 | 13.3

Action                   |  1- 3 |  4- 6 |  7- 9 | 10-12 | 13-15 | 16-18 | 19-21 || total
-------------------------+-------+-------+-------+-------+-------+-------+-------++-------
Melee: Mace              |    72 |    64 |       |       |       |       |       ||   136
       Headbutt          |     7 |     8 |    32 |    38 |   192 |   216 |    90 ||   583
       Morningstar       |       |    17 |   184 |     8 |       |       |       ||   209
       Punch             |       |     3 |       |       |       |       |       ||     3
       Quarterstaff      |       |       |       |   138 |   763 |   347 |       ||  1248
       Broad axe         |       |       |       |       |       |   379 |   296 ||   675
Throw: Dart              |       |       |    71 |   144 |    19 |       |       ||   234
       Boomerang         |       |       |       |   127 |    71 |       |    79 ||   277
       Javelin           |       |       |       |       |    73 |       |       ||    73
       Throwing net      |       |       |       |       |       |     1 |       ||     1
Invok: Berserk           |     1 |       |     9 |     7 |    14 |    14 |     9 ||    54
       Brothers in Arms  |       |       |     1 |     4 |     9 |    10 |     6 ||    30
       Trog's Hand       |       |       |       |     1 |     2 |     3 |     3 ||     9
 Abil: Evoke Invisibilit |       |       |       |       |     1 |       |       ||     1
       Evoke Blink       |       |       |       |       |       |       |     1 ||     1
Evoke: Wand              |       |       |       |     3 |     5 |     1 |     9 ||    18
       Lightning rod     |       |       |       |       |       |     3 |       ||     3
       Phial of floods   |       |       |       |       |       |     1 |       ||     1
  Use: Scroll            |       |     7 |     3 |     6 |    10 |    18 |       ||    44
       Potion            |       |       |       |    14 |    10 |    17 |     7 ||    48
 Stab: Distracted        |       |       |       |     3 |    19 |     8 |       ||    30
Armor: Animal skin       |    14 |    31 |    63 |    30 |     5 |       |       ||   143
       Plate armour      |       |       |       |       |   227 |    69 |    62 ||   358
       Crystal plate arm |       |       |       |       |       |   349 |   120 ||   469
       Skin              |       |       |       |       |       |       |     3 ||     3
Dodge: Dodged            |    62 |    51 |   139 |    96 |   339 |   273 |   101 ||  1061
Block: Kite shield       |       |       |    37 |     1 |       |   605 |   462 ||  1105
       Other             |       |       |       |       |   102 |    58 |       ||   160
       Reflection        |       |       |       |       |    12 |    68 |    68 ||   148

Table legend: (Time is in decaauts)
 A = Elapsed time spent in this place.
 B = Non-inter-level travel time spent in this place.
 C = Inter-level travel time spent in this place.
 D = Time resting spent in this place.
 E = Time spent auto-exploring this place.
 F = Levels seen in this place.
 G = Mean time per level.
                   A        B        C        D        E       F      G
               +--------+--------+--------+--------+--------+-----+--------+
         Total |  37405 |  34812 |   2593 |      0 |  27857 |  37 | 1010.9 |
       Dungeon |  15352 |  14063 |   1289 |      0 |  11730 |  15 | 1023.5 |
        Temple |      1 |      1 |      0 |      0 |      0 |   1 |    1.0 |
          Lair |   5998 |   5407 |    591 |      0 |   4655 |   5 | 1199.6 |
        Shoals |   2239 |   2095 |    144 |      0 |   1678 |   2 | 1119.5 |
     Snake Pit |   7089 |   6909 |    180 |      0 |   5365 |   4 | 1772.2 |
    Slime Pits |     59 |     59 |      0 |      0 |     54 |   1 |   59.0 |
  Orcish Mines |   1752 |   1536 |    216 |      0 |   1224 |   2 |  876.0 |
   Elven Halls |   2618 |   2448 |    170 |      0 |   2089 |   2 | 1309.0 |
        Depths |    396 |    396 |      0 |      0 |    208 |   1 |  396.0 |
         Abyss |    454 |    454 |      0 |      0 |      0 |   2 |  227.0 |
        Bailey |    690 |    690 |      0 |      0 |    536 |   1 |  690.0 |
      Gauntlet |    751 |    751 |      0 |      0 |    315 |   1 |  751.0 |
               +--------+--------+--------+--------+--------+-----+--------+

Top non-repeatable levels by time:
 Snake:2: 2249 daAuts
  Lair:5: 2232 daAuts
 Snake:4: 2038 daAuts
Shoals:1: 1780 daAuts
   Elf:1: 1739 daAuts
    D:14: 1553 daAuts
     D:8: 1460 daAuts
 Snake:1: 1450 daAuts
    D:15: 1364 daAuts
 Snake:3: 1351 daAuts
  Lair:2: 1333 daAuts
    D:12: 1207 daAuts
     D:9: 1189 daAuts
     D:7: 1154 daAuts
    D:11: 1148 daAuts
